 Dungeon Crawl Stone Soup version 0.27.1-33-g824d729ab1 (webtiles) character file.

Game seed: 527099277621715720

55 zeram the Chiller (level 3, 0/19 HPs)
             Began as a Deep Elf Ice Elementalist on Dec 5, 2021.
             Slain by a bat (1 damage)
             ... on level 2 of the Dungeon.
             The game lasted 00:03:14 (2231 turns).

zeram the Chiller (Deep Elf Ice Elementalist)       Turns: 2231, Time: 00:03:15

Health: 0/19       AC:  2    Str:  5    XL:     3   Next: 67%
Magic:  9/10       EV: 13    Int: 20    God:
Gold:   67         SH:  0    Dex: 15    Spells: 2/9 levels left

rFire    . . .     SeeInvis .   e - +0 trident
rCold    . . .     Faith    .   (no shield)
rNeg     . . .     Spirit   .   a - +0 robe
rPois    .         Reflect  .   (no helmet)
rElec    .         Harm     .   (no cloak)
rCorr    .         Rampage  .   (no gloves)
Will     .....                  (no boots)
Stlth    ++........             g - amulet of magic regeneration
HPRegen  0.06/turn              (no ring)
MPRegen  0.37/turn              (no ring)

@: no status effects
A: no striking features
a: no special abilities


You were on level 2 of the Dungeon.
You visited 1 branch of the dungeon, and saw 2 of its levels.

You collected 67 gold pieces.

Inventory:

Hand Weapons
 c - a +0 club
 d - a +0 dagger
 e - a +0 trident (weapon)
Armour
 a - a +0 robe (worn)
Jewellery
 g - an amulet of magic regeneration (around neck)
Scrolls
 h - a scroll of blinking {unknown}
Potions
 b - a potion of haste {unknown}
 f - a potion of lignification
 i - 2 potions of brilliance {unknown}


   Skills:
 + Level 2.7 Dodging
 - Level 2.4 Stealth
 + Level 3.8 Spellcasting
 + Level 5.4 Ice Magic


You had 2 spell levels left.
You knew the following spells:

 Your Spells              Type           Power      Damage    Failure   Level
a - Freeze                Ice            100%       1d11      1%          1
b - Frozen Ramparts       Ice            50%        1d7       4%          3
c - Ozocubu's Armour      Ice            25%        N/A       4%          3

Your spell library contained the following spells:

 Spells                   Type           Power      Damage    Failure   Level
 Summon Small Mammal      Summ           12%        N/A       13%         1
 Hailstorm                Conj/Ice       14%        3d5       38%         4
 Metabolic Englaciation   Hex/Ice        7%         N/A       75%         5
 Freezing Cloud           Conj/Ice/Air   5%         6-21      86%         5


Dungeon Overview and Level Annotations

Branches:
Dungeon (2/15)

Altars:


Message History

You hit the worm.
The worm is lightly wounded.
The worm completely misses you.
You hit the worm but do no damage.
The worm is lightly wounded.
The bat closely misses you. The worm bites you.
You hit the worm.
The worm is moderately wounded.
The bat hits you. The bat misses you.
You hit the worm.
The worm is moderately wounded.
The bat hits you. x2; The worm misses you.
You hit the worm but do no damage.
The worm is moderately wounded.
The bat barely misses you. x2; The worm closely misses you.
You barely miss the worm.
The worm is moderately wounded.
The bat barely misses you. The bat misses you. The rat closely misses you.
The worm bites you. The bat hits you but does no damage.
Casting: Freeze (safe; 1% risk of failure)
Confirm with . or Enter, or press ? or * to list all spells.
You can't see any susceptible monsters within range! (Use Z to cast anyway.) Reach: e) +0 trident
Press: ? - help, Dir - move target, f/p - worm
Aim: a worm (moderately wounded, about 24% to evade your +0 trident)
You reach to attack!
You hit the worm.
The worm is heavily wounded.
The bat closely misses you. The bat hits you but does no damage.
Casting: Freeze (safe; 1% risk of failure)
Confirm with . or Enter, or press ? or * to list all spells.
Aiming: Freeze (safe; 1% risk of failure)
Press: ? - help, Shift-Dir - straight line, f/p - worm
Aim: a worm (heavily wounded)
You freeze the worm!
The worm is almost dead.
The bat closely misses you. The worm bites you.
* * * LOW HITPOINT WARNING * * *
The bat hits you.
You die...

#.# #...#..#......... #.#
######.#.######## #.#
###..#.#........† #.#
###.#....########## #.#
###.#..#.#.##........ #.#
###.#..#.#'#.##.####### #.#
###.#..#.###.#.##.#
###.#..#.###...#.##.# #####
#+#.#..#.###@..###.[#.###....
#......###rwb### #......#.###
##.#..#.##?.## #....#.#.#
##.#..#.##.. #..###.#.#
##.#..#.##.. #..###.#.#
##.#..#.##.. #......#.#
##.#).#.##.. ##..####.#
##.#..#.##.[#........#
##.#..#.##.#.#..#####


You could see a worm, a bat and a rat.

Vanquished Creatures
  2 adders (D:2)
  A dart slug (D:1)
  5 endoplasms
  2 giant cockroaches (D:2)
  4 goblins
  A hobgoblin (D:2)
  2 kobolds (D:1)
  3 quokkas (D:1)
  5 ball pythons (D:1)
  3 bats (D:1)
  4 frilled lizards
32 creatures vanquished.

Notes
Turn   | Place    | Note
-------+----------+-------------------------------------------
     0 | D:1      | zeram the Deep Elf Ice Elementalist began the quest for the
                  | Orb.
     0 | D:1      | Reached XP level 1. HP: 10/10 MP: 6/6
   230 | D:1      | Reached XP level 2. HP: 15/15 MP: 4/8
   302 | D:1      | Reached skill level 5 in Ice Magic
   866 | D:1      | Found a faded altar of an unknown god.
  1569 | D:2      | Reached XP level 3. HP: 17/19 MP: 7/10
  1657 | D:2      | Learned a level 3 spell: Frozen Ramparts
  1661 | D:2      | Learned a level 3 spell: Ozocubu's Armour
  2044 | D:2      | Got Sif Muna's Papyrus of Ice and the Escort
  2231 | D:2      | Slain by a bat

Illustrated notes

Levels and vault maps discovered:
D:1:      saegor_arrival_simple_d, layout_basic,
          shapermc_ecumenical_altar_mp_urbaneastern
D:2:      minmay_razor_zed, layout_basic, minmay_quantized

Skill      XL: |  1  2 |
---------------+-------+-----
Ice Magic      | 5 |  5.4
Dodging        | |  2.7
Stealth        | |  2.4
Spellcasting   | |  3.8

Action                   || total
-------------------------++-------
Melee: Club              ||     8
       Trident           ||    64
 Cast: Freeze            ||    21
  Use: Scroll            ||     2
 Stab: Sleeping          ||     5
Armor: Robe              ||    14
Dodge: Dodged            ||    64
